 Dungeon Crawl Stone Soup version 0.24-a0-161-g3f7990a (webtiles) character file.

Game seed: 14429541722041965361

31 MatthieuS the Ducker (level 3, 0/23 HPs)
             Began as a Halfling Wanderer on Mar 5, 2019.
             Slain by a quokka (3 damage)
             ... on level 2 of the Dungeon.
             The game lasted 00:02:53 (1317 turns).

MatthieuS the Ducker (Halfling Wanderer)            Turns: 1317, Time: 00:02:54

Health: 0/23       AC:  2    Str: 11    XL:     3   Next: 40%
Magic:  3/3        EV: 14    Int: 11    God:
Gold:   25         SH:  9    Dex: 15    Spells: 2/2 levels left

rFire    . . .     SeeInvis .   a - +5 whip
rCold    . . .     Gourm    .   o - +1 shield
rNeg     . . .     Faith    .   d - +0 robe
rPois    .         Spirit   .   (no helmet)
rElec    .         Reflect  .   (no cloak)
rCorr    .         Harm     .   (no gloves)
MR       .....                  (no boots)
Stlth    ++........             (no amulet)
HPRegen  0.07/turn              (no ring)
MPRegen  0.08/turn              (no ring)

@: no status effects
A: small, mutation resistance 1
a: no special abilities


You were on level 2 of the Dungeon.
You were not hungry.

You visited 1 branch of the dungeon, and saw 2 of its levels.

You collected 25 gold pieces.

Inventory:

Hand Weapons
 a - a +5 whip (weapon)
   (You took it off a kobold on level 1 of the Dungeon)
Armour
 d - a +0 robe (worn)
 o - a +1 shield (worn)
Wands
 c - a wand of random effects (15)
Scrolls
 b - a scroll of remove curse {@r2}
 k - 2 scrolls of teleportation {@r4}
Comestibles
 e - 4 rations
 n - a chunk of flesh


   Skills:
 + Level 1.5 Fighting
   Level 1.2 Short Blades
 * Level 1.6 Maces & Flails
 - Level 4.3 Dodging
 - Level 2.1 Stealth
 + Level 1.8 Shields
 - Level 1.0 Evocations


You had 2 spell levels left.
You didn't know any spells.
Your spell library was empty.

Dungeon Overview and Level Annotations

Branches:
Dungeon (2/15)

Altars:


Innate Abilities, Weirdness & Mutations

You are small and have problems with some larger weapons.
You are somewhat resistant to further mutation.


Message History

You see here a +0 club.
e - 4 rations (gained 1)
Found 2 scrolls of remove curse.
Found 13 gold pieces.
Found 6 gold pieces.
A quokka comes into view.
A quokka is nearby!
A quokka is nearby!
A quokka is nearby!
A quokka comes into view.
You hit the quokka. The quokka completely misses you.
You closely miss the quokka. The quokka bites you.
You block the quokka's attack. The quokka barely misses you.
You closely miss the quokka. The quokka misses you.
The quokka closely misses you.
You miss the quokka. You block the quokka's attack. The quokka misses you.
The quokka closely misses you.
You miss the quokka. The quokka barely misses you. The quokka bites you.
The quokka bites you but does no damage.
You closely miss the quokka. The quokka barely misses you.
You block the quokka's attack.
You closely miss the quokka. You block the quokka's attack.
The quokka bites you.
The quokka bites you but does no damage.
You barely miss the quokka. The quokka completely misses you.
The quokka barely misses you. You block the quokka's attack.
You completely miss the quokka. The quokka bites you.
The quokka twitches its whiskers.
The quokka bites you.
* * * LOW HITPOINT WARNING * * *
The quokka bites you but does no damage.
You whack the quokka!
You kill the quokka!
The quokka bites you.
* * * LOW HITPOINT WARNING * * *
You closely miss the quokka. You block the quokka's attack.
Your magical contamination has completely faded away.
Unknown command.
The quokka closely misses you.
You aren't carrying any potions.
The quokka misses you.
Some of the chunks of flesh in your inventory have rotted away.
You see here a rat skeleton.
The quokka bites you.
* * * LOW HITPOINT WARNING * * *
You hit the quokka. The quokka barely misses you.
You block the quokka's attack.
You closely miss the quokka. The quokka barely misses you.
You closely miss the quokka. The quokka bites you.
You die...

######
########....##########
#...........##.......#
#...........##.......#####
#........@r..#.)..........
#.......##...#............
#........#...รท............
######...###...........?..
.....................
.........##.......####
..........##.......#
#####......##.......#
#......##.......#


You could see a quokka.

Vanquished Creatures
  A dart slug (D:1)
  A leopard gecko (D:1)
  A ball python (D:1)
  A bat (D:1)
  5 goblins (D:1)
  2 hobgoblins
  A quokka (D:2)
  A frilled lizard (D:1)
  7 kobolds (D:1)
  9 rats
29 creatures vanquished.

Notes
Turn   | Place    | Note
-------+----------+-------------------------------------------
     0 | D:1      | MatthieuS the Halfling Wanderer began the quest for the
                  | Orb.
     0 | D:1      | MatthieuS set off with the following items: a +0 shield, a
                  | +0 short sword, a wand of random effects (15), a +0 robe, a
                  | ration, a +0 dagger
     0 | D:1      | Reached XP level 1. HP: 13/13 MP: 1/1
   216 | D:1      | Reached XP level 2. HP: 18/18 MP: 2/2
   252 | D:1      | Reached skill level 1 in Maces & Flails
   696 | D:1      | Reached XP level 3. HP: 8/23 MP: 3/3
  1317 | D:2      | Slain by a quokka

Levels and vault maps discovered:
D:1:      saegor_arrival_simple_a, layout_loops_ring
D:2:      kennysheep_the_goblin_king, layout_basic

Skill      XL: |  1  2 |
---------------+-------+-----
Maces & Flails | 1 |  1.6
Fighting       | |  1.5
Short Blades   | |  1.2
Dodging        | |  4.3
Stealth        | |  2.1
Shields        | |  1.8
Evocations     | |  1.0

Action                   || total
-------------------------++-------
Melee: Whip              ||   116
       Short sword       ||     1
  Use: Potion            ||     1
       Scroll            ||     6
 Stab: Sleeping          ||     3
  Eat: Chunk             ||     1
Armor: Robe              ||    10
Dodge: Dodged            ||    57
Block: Shield            ||    40

Table legend:
 A = Non-vault XP
 B = Vault XP
 C = Vault XP percentage of total XP
 D = Non-vault monster count
 E = Vault monster count
 F = Vault count percentage of total count
                 A         B        C        D         E       F
            +---------+---------+-------+---------+---------+-------
      Total |      45 |       0 |   0.0 |      29 |       0 |   0.0
            +---------+---------+-------+---------+---------+-------
        D:1 |      40 |       0 |   0.0 |      26 |       0 |   0.0
        D:2 |       5 |       0 |   0.0 |       3 |       0 |   0.0
            +---------+---------+-------+---------+---------+-------
